 Dungeon Crawl Stone Soup version 0.17.0-56-gd8de76c (webtiles) character file.

498 Peloso the Shield-Bearer (level 6, -2/56 HPs)
             Began as a Minotaur Fighter on Dec 6, 2015.
             Killed by divine providence
             ... invoked by an orc priest
              (15 damage)
             ... on level 4 of the Dungeon.
             The game lasted 00:10:19 (2758 turns).

Peloso the Shield-Bearer (Minotaur Fighter)         Turns: 2758, Time: 00:10:20

Health: -2/56      AC: 15    Str: 27    XL:     6   Next: 94%
Magic:  5/5        EV:  6    Int:  5    God:
Gold:   128        SH: 11    Dex: 10    Spells: 0 memorised, 5 levels left

rFire  . . .     SeeInvis .     a - +0 long sword
rCold  . . .     Clarity  .     p - +0 plate armour
rNeg   . . .     SustAt   .     c - +0 shield
rPois  .         Gourm    .     (helmet restricted)
rElec  .         Spirit   .     j - +1 cloak
rCorr  .         Warding  .     (no gloves)
rMut   .         Stasis   .     F - +0 pair of boots
MR     .....                    (no amulet)
Stlth  ..........               (no ring)
                                i - ring of flight

@: mighty, not resistant to hostile enchantments, extremely unstealthy
A: retaliatory headbutt, horns 2
a: Evoke Flight


You were on level 4 of the Dungeon.
You were not hungry.

You visited 1 branch of the dungeon, and saw 4 of its levels.

You collected 128 gold pieces.

Inventory:

Hand Weapons
 a - a +0 long sword (weapon)
 y - a cursed -2 dagger
 J - a +2 war axe of chopping
Missiles
 u - 8 sling bullets of flame
Armour
 c - a +0 shield (worn)
 j - a +1 cloak (worn)
 p - a +0 plate armour (worn)
 F - a +0 pair of boots (worn)
Jewellery
 i - a ring of flight (left hand)
 C - a cursed ring of loudness {unknown}
Wands
 B - a wand of frost (23)
 D - a wand of frost (31)
 G - a wand of flame (25)
 H - a wand of fire (5)
 I - a wand of slowing (28)
Scrolls
 b - a scroll of enchant armour {unknown}
 f - 4 scrolls of enchant weapon {unknown}
 k - a scroll of magic mapping {unknown}
 r - 4 scrolls of remove curse {unknown}
 t - a scroll of teleportation {unknown}
 v - 2 scrolls of fear {unknown}
 x - 4 scrolls of identify {unknown}
 A - a scroll of fog {unknown}
 K - a scroll of blinking {unknown}
Potions
 g - a potion of cure mutation {unknown}
 l - 2 potions of mutation {unknown}
 m - 2 potions of ambrosia {unknown}
 n - a potion of agility {unknown}
 o - a potion of resistance {unknown}
 w - 2 potions of brilliance {unknown}
 z - 2 potions of curing {unknown}
Comestibles
 e - 4 bread rations
 h - 5 meat rations
 q - 2 fruits
 s - 2 beef jerkies
 E - 7 chunks of flesh


   Skills:
 + Level 5.0 Fighting
 + Level 4.6 Long Blades
 + Level 5.3 Armour
 + Level 2.0 Dodging
 + Level 6.2 Shields


You had 5 spell levels left.
You didn't know any spells.

Dungeon Overview and Level Annotations

Branches:
Dungeon (4/15)             Temple (0/1) D:4

Altars:
Yredelemnul

Shops:
D:4 }


Innate Abilities, Weirdness & Mutations

You reflexively headbutt those who attack you in melee.
You have a pair of horns on your head.


Message History

You slash the orc wizard!
The orc wizard is heavily wounded.
The orc wizard hits you but does no damage.
The orc wizard barely misses you.
Unknown command.
You slash the orc wizard!
You kill the orc wizard!
Your Fighting skill increases to level 5!
The orc wizard casts a cantrip, but nothing happens.
The orc priest casts a cantrip, but nothing happens.
The orc throws a stone.
You block the stone.
Unknown command.
An orc wizard comes into view. It is wielding a dagger.
The orc wizard shouts!
The orc wizard points at you and mumbles some strange words.
The puff of flame hits you!
* * * LOW HITPOINT WARNING * * *
The orc priest calls down the wrath of Beogh upon you.
Something smites you!
You die...

..##..#.....88888# #
..##.....###8...8....
#### # ####.###.#
#8.>.8#### .....## #.#
#8...8### #... #.#
#88.88.. #### #)#
###...### # #.####...## #
#####.##..#...#o#########
#
...............o@(.......
#
#####.###.(####o####.....
# # .....# #o# ### #
.......# #.. # #........
###. # #......##. o#
###### #......# .# .
#..... ##....## . o#
...#### #


You could see an orc priest, 2 orc wizards and an orc.

Vanquished Creatures
  2 ogres (D:4)
  A phantom (D:4)
  A hound (D:4)
  2 orc wizards (D:4)
  An iguana (D:4)
  Robin (D:3)
  3 adders
  A worm (D:2)
  4 giant geckos
  2 orcs
  5 bats
  6 giant cockroaches
  8 hobgoblins
  3 jackals (D:3)
  5 kobolds
  A ball python (D:4)
  A giant gecko skeleton (D:4)
  3 giant newts
  15 goblins
  8 rats
73 creatures vanquished.

Notes
Turn   | Place    | Note
--------------------------------------------------------------
     0 | D:1      | Peloso the Minotaur Fighter began the quest for the Orb.
     0 | D:1      | Reached XP level 1. HP: 19/19 MP: 0/0
    97 | D:1      | Reached XP level 2. HP: 14/27 MP: 1/1
   250 | D:1      | Reached skill level 4 in Shields
   898 | D:2      | Reached XP level 3. HP: 33/33 MP: 2/2
  1572 | D:3      | Found a basalt altar of Yredelemnul.
  2062 | D:3      | Noticed Robin
  2064 | D:3      | Reached XP level 4. HP: 40/40 MP: 3/3
  2084 | D:3      | Killed Robin
  2291 | D:4      | Reached skill level 1 in Dodging
  2340 | D:4      | Found Aggoh's Gadget Boutique.
  2392 | D:4      | Noticed a phantom
  2410 | D:4      | Reached XP level 5. HP: 34/46 MP: 4/4
  2439 | D:4      | Killed a phantom
  2439 | D:4      | Reached skill level 5 in Shields
  2607 | D:4      | Noticed an ogre
  2620 | D:4      | Killed an ogre
  2620 | D:4      | Reached skill level 5 in Armour
  2620 | D:4      | Reached XP level 6. HP: 46/53 MP: 5/5
  2704 | D:4      | Found a staircase to the Ecumenical Temple.
  2714 | D:4      | Noticed an ogre
  2721 | D:4      | Killed an ogre
  2721 | D:4      | Reached skill level 6 in Shields
  2757 | D:4      | Reached skill level 5 in Fighting
  2758 | D:4      | Killed from afar by an orc priest

Action                   |  1- 3 |  4- 6 || total
-------------------------+-------+-------++-------
Melee: Long sword        |   125 |   120 ||   245
  Use: Potion            |       |     1 ||     1
  Eat: Chunk             |     4 |     2 ||     6
